Map: Echo LE (Void)

Players

laksonen

  • Race: Terran Terran
  • League: Diamond
  • Spawn Location: 5:00

Musumeci - Winner!

  • Race: Zerg Zerg
  • League: Diamond
  • Spawn Location: 11:00

VOD

Have the link to the VOD?

Description

Time

  • Played on: Dec. 28, 2016, 4:32 p.m.
  • Length: 20:38
Show
View Real Time Build Order
Export as new Build Order

laksonen Terran 

Build Orders: Reaper Expand, MMM Bio 

Get SALT Encoding   

  12  0:00  SCV  
  13  0:12  SCV  
  14  0:19  Supply Depot  
  14  0:24  SCV  
  15  0:40  SCV  
  15  0:42  Barracks  
  16  0:46  Refinery  
  16  0:53  SCV  
  17  1:05  SCV  
  18  1:17  SCV  
  19  1:29  Orbital Command  
  19  1:31  Reaper  
  20  1:43  Command Center  
  20  1:55  Barracks  
  20  1:57  SCV  
  21  2:03  Barracks Reactor  
  21  2:09  SCV  
  21  2:12  Supply Depot  
  21  2:13  Refinery  
  22  2:21  SCV  
  23  2:41  Marine x2  
  25  2:45  SCV, Barracks Tech Lab  
  25  2:49  Factory  
  26  2:57  SCV  
  27  2:59  Marine  
  27  3:02  Marine  
  27  3:05  Marine  
  30  3:06  Stimpack  
  30  3:09  SCV  
  30  3:10  Orbital Command  
  31  3:16  Marine  
  32  3:20  Marine  
  32  3:21  SCV  
  34  3:31  Marine  
  35  3:35  Starport, Factory Reactor  
  35  3:36  SCV  
  35  3:37  SCV  
  35  3:39  Marine  
  38  3:41  Marine  
  38  3:46  Supply Depot  
  39  3:48  SCV  
  39  3:49  Marine  
  39  3:50  SCV  
  42  4:00  SCV, Marine x2  
  42  4:02  Supply Depot  
  45  4:04  SCV  
  45  4:09  Marine  
  47  4:13  SCV  
  47  4:16  SCV  
  49  4:17  Medivac  
  49  4:18  Medivac  
  49  4:19  Marine  
  49  4:23  Marine  
  55  4:27  SCV  
  55  4:28  SCV, Marine  
  58  4:35  Supply Depot  
  58  4:42  Marine x2  
  58  4:43  SCV  
  58  4:45  Command Center  
  61  4:46  SCV  
  62  4:57  SCV, Marine  
  62  4:59  Marine  
  64  5:03  Medivac  
  64  5:05  Medivac  
  64  5:06  Barracks x2  
  69  5:10  Supply Depot  
  69  5:31  Marauder, Marine x2  
  69  5:33  SCV x2  
  59  5:50  Marine x2  
  59  5:53  Marine  
  59  5:54  Medivac x2  
  59  5:56  Barracks Reactor, Barracks Tech Lab  
  62  5:59  SCV  
  62  6:00  SCV  
  62  6:01  Orbital Command, Engineering Bay x2  
  62  6:03  Refinery  
  62  6:04  Refinery, Factory Tech Lab  
  64  6:08  Marine  
  67  6:11  Marauder, SCV  
  67  6:12  SCV  
  67  6:16  Marine x2  
  67  6:18  Combat Shields  
  71  6:23  Supply Depot  
  71  6:24  Supply Depot  
  71  6:30  Marine  
  74  6:32  Marauder  
  74  6:33  SCV x2  
  74  6:34  Marauder, SCV  
  74  6:35  Marine x3  
  85  6:40  Siege Tank  
  85  6:45  SCV  
  86  6:47  Marine, Terran Infantry Weapons Level 1  
  86  6:53  Marine x2  
  89  6:56  Marauder, Marine x2, Supply Depot x2  
  89  6:59  Terran Infantry Armor Level 1  
  93  7:04  SCV  
  93  7:05  Marine  
  93  7:06  SCV  
  96  7:10  Marine  
  96  7:12  Siege Tank  
  96  7:14  Marauder, Marine x2  
  104  7:17  Marine  
  105  7:23  Factory  
  105  7:27  SCV x2  
  105  7:29  Orbital Command  
  107  7:30  Supply Depot  
  107  7:32  Supply Depot  
  107  7:33  Marine x4  
  111  7:37  Marine x2  
  111  7:39  SCV x2, Concussive Shells  
  115  7:45  Supply Depot x2  
  115  7:54  SCV  
  115  7:55  SCV x2  
  115  7:57  Marine x4  
  122  8:02  Supply Depot  
  122  8:19  Marine x3  
  123  8:20  Marauder x2, Marine  
  123  8:23  Orbital Command  
  111  8:37  Marine x4  
  111  8:39  Factory Reactor  
  111  8:41  Marauder x2  
  119  8:42  Armory  
  119  8:51  SCV x2  
  119  8:52  SCV  
  119  8:54  Marine, Siege Tank  
  119  8:55  Marine  
  127  9:01  Marine x2  
  127  9:02  Marauder  
  133  9:03  Marauder, SCV  
  134  9:13  SCV x2, Marine x2  
  138  9:21  Liberator  
  138  9:22  Liberator, Command Center  
  138  9:24  Marauder x2  
  142  9:32  SCV x3, Marine x2  
  142  9:34  Siege Tank  
  142  9:37  Marine x2  
  152  9:44  SCV x2  
  152  9:45  Marauder x2  
  147  10:06  Siege Tank  
  135  10:16  Marine x2, Command Center  
  135  10:17  Marauder x2  
  141  10:23  Terran Infantry Weapons Level 2  
  141  10:24  Terran Infantry Armor Level 2, Barracks  
  141  10:25  Barracks  
  141  10:27  Refinery, Barracks x2  
  141  10:28  Refinery, Marine x2  
  141  10:30  Supply Depot x2  
  141  10:34  Marine  
  144  10:38  Marauder x2, Marine  
  149  10:43  Widow Mine  
  149  10:44  Widow Mine x2  
  149  10:46  Marine x2  
  157  10:54  Marine  
  157  10:56  Marine  
  159  10:59  Marauder  
  159  11:00  Marauder, Terran Vehicle Weapons Level 1  
  137  11:12  Medivac x2  
  137  11:17  Marine  
  137  11:18  Marine  
  143  11:19  Barracks Reactor, Barracks Tech Lab  
  143  11:20  Barracks Tech Lab x2  
  143  11:21  Marauder x2  
  143  11:22  Marine x2  
  143  11:23  Widow Mine x2, Siege Tank  
  156  11:35  Marine  
  156  11:38  Marine x2  
  156  11:39  Marauder x2  
  163  11:40  Marine x2  
  163  11:41  Medivac  
  163  11:42  Marauder x2  
  171  11:47  Medivac  
  171  11:52  Starport  
  173  11:55  Siege Tank  
  173  11:56  Marauder  
  173  12:00  Marauder  
  178  12:11  Medivac  
  178  12:13  Marine x3  
  178  12:14  Widow Mine x2, Marauder x3, Marine  
  176  12:16  Marine x2  
  176  12:17  Medivac  
  176  12:18  Marauder  
  176  12:19  Planetary Fortress  
  176  12:21  Marauder  
  183  12:31  SCV x2, Marine x3  
  188  12:38  Missile Turret  
  188  13:00  Supply Depot  
  188  13:09  Marine  
  188  13:15  Marine  
  188  13:22  Marine x4, Siege Tank  
  188  13:25  Marine  
  196  13:27  Terran Infantry Weapons Level 3  
  196  13:28  Terran Infantry Armor Level 3  
  196  13:34  Marine x2  
  196  13:36  Marauder x3  
  196  13:37  Marauder  
  196  13:39  Marine  
  196  13:40  Marauder  
  130  13:48  Marine  
  130  13:49  Marine x2  
  130  13:50  Medivac x2  
  130  13:54  Marine x2, Siege Tank  
  133  13:57  Marine  
  133  13:58  Marauder x4  
  133  14:01  Marauder  
  128  14:06  Marine x2  
  128  14:07  Marine  
  125  14:12  Marine x2  
  125  14:15  Marine  
  109  14:19  Marauder x4  
  109  14:20  SCV x2  
  109  14:21  SCV  
  109  14:23  Marauder  
  119  14:26  Siege Tank  
  119  14:31  Marine  
  113  14:36  Marine  
  113  14:37  Marine x3  
  114  14:39  Marine  
  114  14:40  Marauder  
  114  14:41  Marauder x3  
  114  14:44  Marauder  
  117  14:49  Marine  
  117  14:50  Widow Mine  
  112  14:54  Marine x2  
  112  14:55  Marine  
  115  15:02  Marauder x3  
  121  15:11  Marauder, Marine x2  
  121  15:12  Marauder  
  121  15:13  SCV x2  
  129  15:33  Marine x2  
  129  15:34  Marauder x3, Marine x2  
  129  15:35  Marauder  
  139  15:45  Viking  
  139  15:46  Viking  
  139  15:49  Command Center  
  141  15:52  Barracks Reactor  
Show
View Real Time Build Order
Export as new Build Order

Musumeci Zerg - Winner!

Build Orders: Hatch First 

Get SALT Encoding   

  12  0:02  Drone  
  13  0:08  Drone  
  14  0:18  Drone, Extractor  
  15  0:40  Hatchery  
  14  0:46  Drone, Extractor  
  15  1:01  Spawning Pool  
  14  1:08  Extractor  
  13  1:15  Drone  
  13  1:17  Drone, Extractor  
  14  1:21  Overlord  
  16  1:39  Drone x2  
  18  1:47  Drone  
  18  1:48  Queen  
  18  1:52  Queen  
  23  1:54  Drone  
  23  1:58  Drone  
  25  2:04  Overlord  
  25  2:12  Drone  
  25  2:13  Drone  
  27  2:21  Drone  
  28  2:23  Queen  
  30  2:33  Drone  
  30  2:34  Drone  
  30  2:37  Drone  
  33  2:38  Extractor  
  33  2:39  Queen  
  33  2:41  Drone  
  35  2:47  Overlord  
  35  2:51  Drone  
  36  3:09  Drone x4  
  40  3:16  Hatchery  
  40  3:17  Extractor x2  
  37  3:25  Drone x4  
  41  3:29  Roach Warren  
  40  3:43  Drone  
  40  3:44  Drone x3  
  44  3:54  Overlord  
  44  3:55  Overlord x2  
  44  4:17  Evolution Chamber  
  44  4:19  Evolution Chamber  
  44  4:20  Roach x5  
  52  4:34  Lair  
  52  4:36  Drone x3  
  52  4:38  Drone, Extractor  
  54  4:39  Drone x2  
  54  4:41  Drone  
  54  4:42  Drone  
  54  4:43  Drone  
  60  4:46  Extractor  
  59  4:53  Roach x5  
  63  5:43  Queen  
  61  6:02  Drone  
  61  6:03  Drone x12  
  74  6:07  Glial Reconstitution, Zerg Ground Armor Level 1, Zerg Missile Weapons Level 1, Extractor  
  74  6:09  Drone  
  74  6:11  Overlord x6  
  74  6:26  Drone, Extractor  
  74  6:35  Spore Crawler x2  
  74  6:36  Spore Crawler x2  
  74  6:37  Drone x4, Spore Crawler x2  
  74  6:38  Drone x2  
  74  6:41  Drone x3  
  74  6:44  Drone  
  74  6:45  Drone  
  79  6:52  Ravager  
  79  6:53  Ravager x6  
  86  6:55  Roach  
  88  7:04  Roach x4  
  88  7:06  Roach  
  98  7:18  Roach  
  98  7:19  Roach x2  
  104  7:23  Ravager  
  104  7:27  Roach x3  
  104  7:29  Ravager x3  
  114  7:41  Overlord x5  
  114  7:59  Drone x10  
  119  8:31  Drone  
  119  8:32  Drone x6  
  119  8:34  Zerg Missile Weapons Level 2, Zerg Ground Armor Level 2  
  119  8:37  Infestation Pit  
  118  8:44  Roach x9  
  136  9:04  Ravager x4  
  136  9:05  Ravager x6  
  136  9:07  Overlord x4  
  136  9:08  Overlord x5  
  146  9:16  Hive  
  146  9:19  Hatchery, Extractor  
  146  9:23  Extractor  
  143  9:28  Roach x8  
  144  10:12  Roach x3  
  144  10:13  Roach x5  
  144  10:14  Ravager x9  
  169  10:18  Drone  
  170  10:50  Zerg Missile Weapons Level 3  
  170  10:51  Zerg Ground Armor Level 3  
  158  11:14  Roach x8  
  174  11:36  Ravager x5  
  174  11:37  Ravager x3  
  169  12:30  Roach x6  
  169  12:34  Spire  
  180  12:49  Hatchery  
  180  12:50  Extractor  
  179  12:58  Ravager x3  
  179  12:59  Ravager x3  
  160  13:41  Roach  
  160  13:42  Roach x22  
  158  14:20  Ravager x7  
  158  14:23  Ravager  
  158  14:24  Ravager x13  
  158  14:34  Roach  
  158  14:35  Roach x7  
  158  14:37  Corruptor  
  158  14:38  Corruptor x10  
  173  14:42  Roach  
  173  14:43  Roach x2  
  192  15:06  Swarm Host x2  
  196  15:19  Swarm Host x4  
  196  15:21  Swarm Host  
  189  16:05  Swarm Host x3  
  194  16:19  Swarm Host x2  
  186  18:13  Roach x7  
  170  18:48  Ravager  
  170  18:49  Ravager x6  
  170  18:52  Roach x6  
  170  18:53  Roach x3  
Tags
 
Add a new tag
Caveats
  • Supply blocks, unpowered buildings, or Contaminate may cause inaccurate times.
  • Supply counts are checked every 10 seconds.